Map: Kairos Junction LE

Players

PtitDrogo

  • Race: Protoss Protoss
  • League: Master
  • Spawn Location: 5:00

soul - Winner!

  • Race: Terran Terran
  • League: Grandmaster
  • Spawn Location: 11:00

Event: HomeStory Cup XIX

VOD

Have the link to the VOD?

Description

Time

  • Played on: June 28, 2019, 3:25 p.m.
  • Length: 10:00

All games in this series

Show
View Real Time Build Order
Export as new Build Order

PtitDrogo Protoss 

Build Orders: 1 Gate Expand, Archon Immortal 

Get SALT Encoding   

  12  0:00  Probe  
  13  0:12  Probe  
  14  0:17  Pylon  
  14  0:24  Probe  
  15  0:34  Probe  
  15  0:35  Gateway  
  15  0:42  Probe  
  16  0:43  Assimilator  
  17  0:51  Probe  
  18  1:04  Probe  
  19  1:16  Probe  
  20  1:22  Cybernetics Core  
  20  1:33  Nexus  
  20  1:40  Pylon  
  20  1:42  Probe  
  21  1:48  Stalker  
  21  1:49  Assimilator  
  21  1:54  Probe  
  24  2:06  Probe  
  24  2:07  Warp Gate  
  25  2:09  Stalker  
  27  2:24  Probe  
  28  2:36  Probe, Robotics Facility  
  29  2:42  Probe  
  29  2:45  Stalker  
  29  2:48  Probe  
  33  2:53  Probe  
  34  3:00  Probe  
  34  3:04  Probe  
  36  3:12  Probe  
  37  3:14  Gateway  
  37  3:16  Probe, Gateway  
  38  3:20  Sentry  
  38  3:24  Probe  
  38  3:25  Observer  
  41  3:32  Probe  
  43  3:34  Pylon  
  43  3:37  Pylon  
  43  3:40  Probe  
  44  3:47  Probe  
  45  3:52  Probe  
  46  3:55  Assimilator  
  46  3:58  Assimilator  
  46  3:59  Probe  
  46  4:01  Observer  
  48  4:04  Probe  
  48  4:07  Probe  
  48  4:08  Twilight Council  
  48  4:09  Forge  
  49  4:12  Stalker  
  49  4:14  Stalker  
  49  4:15  Probe  
  49  4:16  Probe  
  55  4:22  Pylon  
  56  4:25  Probe  
  56  4:28  Probe  
  56  4:31  Pylon  
  59  4:32  Immortal  
  59  4:33  Protoss Ground Weapons Level 1  
  64  4:46  Charge  
  64  4:50  Adept, Shield Battery  
  64  4:53  Stalker  
  64  4:57  Adept  
  68  5:01  Shield Battery  
  68  5:06  Shield Battery  
  68  5:14  Adept  
  70  5:17  Zealot x2  
  74  5:22  Immortal  
  76  5:34  Probe  
  67  5:36  Stalker  
  61  5:53  Templar Archives, Gateway  
  61  5:56  Gateway  
  61  5:59  Sentry  
  61  6:00  Gateway  
  61  6:01  Warp Prism  
  65  6:09  Nexus  
  65  6:11  Probe x2  
  67  6:24  Blink  
  67  6:27  Protoss Ground Armor Level 1, Gateway  
  67  6:30  Probe x2, Gateway  
  69  6:35  High Templar x2  
  69  6:39  Archon  
  73  6:45  Immortal  
  77  6:52  Pylon  
  76  6:54  Pylon x2  
  76  7:06  Zealot  
  78  7:10  Zealot x2  
  78  7:11  Zealot  
  78  7:12  High Templar x2  
  88  7:21  Archon  
  87  7:28  Zealot x2  
  91  7:30  Immortal  
  95  7:40  Zealot x4  
  103  7:44  Zealot x2  
  97  7:57  Zealot x2  
  65  8:08  Probe x3  
  66  8:20  Probe x3  
  66  8:23  High Templar x2  
  66  8:24  High Templar  
  66  8:26  Zealot x2  
  79  8:27  Zealot, High Templar  
  79  8:28  Archon  
  79  8:31  Archon  
  79  8:32  Probe x3  
  86  8:44  Zealot  
  86  8:47  Zealot x2  
  78  8:58  Zealot x4  
  78  8:59  Zealot  
  78  9:01  Probe  
  89  9:05  Zealot  
  89  9:07  Zealot  
  91  9:14  Dark Shrine  
  85  9:34  Pylon  
  85  9:37  High Templar x2  
  85  9:38  Zealot x2  
  85  9:44  Archon  
Show
View Real Time Build Order
Export as new Build Order

soul Terran - Winner!

Build Orders: Reaper Expand 

Get SALT Encoding   

  12  0:00  SCV  
  13  0:12  SCV  
  14  0:17  Supply Depot  
  14  0:25  SCV  
  15  0:38  SCV  
  15  0:39  Barracks  
  16  0:43  Refinery  
  16  0:50  SCV  
  17  1:02  SCV  
  18  1:14  SCV  
  19  1:27  Orbital Command, Reaper  
  20  1:47  Command Center  
  20  1:53  Supply Depot  
  20  1:54  SCV  
  20  2:01  Barracks Reactor  
  21  2:06  SCV  
  22  2:13  Refinery  
  22  2:14  Bunker  
  22  2:18  SCV  
  22  2:21  Factory  
  23  2:30  SCV  
  23  2:36  Marine x2  
  26  2:41  Barracks  
  26  2:42  SCV  
  27  2:55  Marine, SCV  
  29  2:59  Orbital Command  
  29  3:02  Marine  
  30  3:06  Factory Tech Lab  
  30  3:07  SCV  
  31  3:16  Marine  
  31  3:19  SCV  
  33  3:20  Marine  
  34  3:28  SCV  
  34  3:30  Barracks Tech Lab  
  34  3:31  Siege Tank, SCV  
  34  3:33  Marine  
  39  3:38  Marine, Supply Depot  
  41  3:41  SCV  
  41  3:49  SCV  
  41  3:50  Combat Shield  
  41  3:51  Marine  
  41  3:53  Marauder  
  45  3:56  Marine  
  45  3:57  Supply Depot  
  45  4:00  Supply Depot  
  45  4:07  Siege Tank  
  45  4:09  Marine  
  49  4:10  SCV  
  49  4:14  Marine x2  
  49  4:16  SCV  
  53  4:22  SCV, Supply Depot  
  54  4:27  Marine  
  54  4:28  SCV  
  56  4:32  Marine x2  
  56  4:34  SCV  
  59  4:39  Siege Tank  
  59  4:42  SCV  
  59  4:45  Marine  
  64  4:49  Marine  
  64  4:50  Marine, SCV  
  67  4:57  Starport  
  67  4:59  Barracks  
  67  5:02  Marine  
  67  5:03  Engineering Bay, Refinery  
  68  5:07  Marine, SCV  
  68  5:09  Stimpack, Marine, SCV  
  72  5:15  Supply Depot  
  72  5:19  SCV  
  72  5:20  Marine  
  73  5:25  Marine  
  73  5:27  Marine  
  73  5:28  SCV  
  73  5:31  SCV  
  65  5:38  Marine, Starport Reactor  
  55  5:43  Marine  
  55  5:45  Marine, SCV  
  55  5:47  SCV  
  54  5:53  Siege Tank  
  54  5:54  Barracks Tech Lab  
  54  5:55  Refinery, Terran Infantry Weapons Level 1  
  54  5:56  Marine  
  58  5:57  SCV  
  58  5:59  SCV  
  58  6:01  Marine  
  58  6:02  Supply Depot  
  58  6:03  Marine  
  62  6:09  SCV  
  64  6:11  SCV  
  64  6:14  Marine, Marauder  
  64  6:18  Barracks x2, Marine, Medivac  
  69  6:19  Medivac  
  69  6:21  Marine, SCV  
  69  6:24  Concussive Shells  
  74  6:29  Supply Depot  
  74  6:32  Marine  
  75  6:34  Siege Tank  
  75  6:35  Marauder  
  75  6:36  Marine  
  75  6:39  Marine  
  82  6:49  Marine  
  82  6:50  Medivac  
  85  6:54  Marine  
  85  6:55  Supply Depot, Medivac  
  85  6:56  Marauder  
  85  6:57  Marauder  
  92  7:07  Marine, SCV  
  94  7:09  Command Center  
  94  7:11  SCV  
  95  7:18  Marauder x2  
  95  7:19  Barracks Reactor, SCV  
  95  7:20  Barracks Tech Lab  
  95  7:21  Marine  
  101  7:25  SCV  
  101  7:29  Factory Reactor  
  102  7:30  Marine  
  102  7:31  SCV  
  102  7:39  Marauder, Marine  
  102  7:40  Marauder  
  103  7:46  Marauder  
  103  7:48  Marine  
  94  7:55  SCV x2  
  94  7:57  Marine  
  97  8:01  Marine, Marauder  
  97  8:02  Marine  
  97  8:03  Marine  
  96  8:07  Marauder, SCV  
  96  8:08  SCV  
  100  8:14  Marine  
  100  8:17  Marine  
  100  8:19  Marauder, SCV  
  105  8:20  SCV  
  105  8:25  Marine  
  108  8:27  Marine  
  108  8:28  Marine  
  108  8:32  Marine, Marauder, SCV  
  113  8:35  Widow Mine  
  113  8:36  SCV  
  113  8:41  Marauder, Marine  
  116  8:43  Marine  
  116  8:44  Marine  
  117  8:52  Orbital Command  
  117  8:53  Marine, SCV  
  117  8:54  Marauder  
  118  8:56  Marauder  
  118  8:59  Marine  
  118  9:00  Widow Mine x2  
  125  9:10  SCV  
  125  9:19  Marine x3  
  125  9:20  Marauder  
  133  9:25  Supply Depot  
Tags
 
Add a new tag
Caveats
  • Supply blocks, unpowered buildings, or Contaminate may cause inaccurate times.
  • Supply counts are checked every 10 seconds.